 Dungeon Crawl Stone Soup version 0.27.0-1-g7a089689b8 (webtiles) character file.

Game seed: 18235272101571283407

39 sasquatch the Covert (level 3, -1/19 HPs)
             Began as a Spriggan Delver on Aug 7, 2021.
             Slain by a bullfrog (5 damage)
             ... on level 4 of the Dungeon.
             The game lasted 00:01:14 (74 turns).

sasquatch the Covert (Spriggan Delver)                Turns: 74, Time: 00:01:15

Health: -1/19      AC:  2    Str:  8    XL:     3   Next: 28%
Magic:  4/4        EV: 17    Int: 11    God:
Gold:   21         SH:  0    Dex: 17    Spells: 2/2 levels left

rFire    . . .     SeeInvis +   a - +0 short sword
rCold    . . .     Faith    .   (shield restricted)
rNeg     . . .     Spirit   .   b - +0 robe
rPois    .         Reflect  .   (helmet restricted)
rElec    .         Harm     .   (no cloak)
rCorr    .         Rampage  .   (gloves unavailable)
Will     .....                  (boots unavailable)
Stlth    ++++......             (no amulet)
HPRegen  0.06/turn              (no ring)
MPRegen  0.09/turn              (no ring)

@: very quick
A: very small, no large weapons, unfitting armour, see invisible, speed 3
a: no special abilities


You were on level 4 of the Dungeon.
You visited 1 branch of the dungeon, and saw 2 of its levels.

You collected 21 gold pieces.

Inventory:

Hand Weapons
 a - a +0 short sword (weapon)
Armour
 b - a +0 robe (worn)
Wands
 g - a wand of digging (3)
Scrolls
 c - a scroll of fog
 d - a scroll of magic mapping
 e - a scroll of fear
 h - a scroll of silence {unknown}
Potions
 f - a potion of haste


   Skills:
 - Level 2.4 Fighting
 + Level 3.3 Short Blades
 - Level 2.6 Dodging
 + Level 8.1 Stealth


You had 2 spell levels left.
You didn't know any spells.
Your spell library was empty.

Dungeon Overview and Level Annotations

Branches:
Dungeon (5/15)
 Temple: D:4-7

Altars:


Innate Abilities, Weirdness & Mutations

You are very small and have problems with some larger weapons.
You are too small for most types of armour.
You have supernaturally acute eyesight. (SInv)
You cover ground extremely quickly. (Speed+++)


Message History

You climb upwards.
The goblin shouts!
A giant cockroach comes into view.
Found a scroll labelled JUGIACVEAS.
There is a stone staircase leading down here.
Found a scroll labelled CUNITI KYMAXTEN.
The helpless giant cockroach fails to defend itself.
You impale the giant cockroach!!
You kill the giant cockroach!
No target in view!
A black bear comes into view.
Found a scroll of magic mapping.
A black bear is nearby! 2 orcs come into view.
A bullfrog and 2 orcs come into view.
An orc comes into view. It is wielding a +0 dagger.
The orc shouts!
The bullfrog gives a loud, deep croak!
The orc shouts!
You hear a shout!
The black bear growls angrily.
An orc priest comes into view. It is wielding a +0 dagger.
An orc comes into view. It is wielding a +0 hand axe.
An orc comes into view. It is wielding a +0 mace.
You hear a shout!
The orc shouts!
You hear a shout! x3 2 orcs come into view.
The orc shouts!
You hear a shout!
An orc and an orc priest come into view.
The orc shouts!
You hear a shout!
The orc shouts!
You hear a shout!
You hit the orc.
The orc is heavily wounded.
The bullfrog closely misses you. The orc closely misses you.
Found a plate armour.
The orc completely misses you.
Found a scale mail.
The orc priest invokes the aid of Beogh against you.
Beogh smites you!
A giant cockroach comes into view.
The giant cockroach bites you. The bullfrog hits you.
* * * LOW HITPOINT WARNING * * *
The bullfrog hits you.
You die...

......##....g.....###...
......#...o....#..##....
#.....o#.............
###..g.#.............
##.................
#..o##.......#.>...
##.........#.......
##.B.#..............
#.F@.#..............
##..###......?......
##.# ..###........ ###
### ##.#####. ## .


You could see a bullfrog, 3 orcs, a giant cockroach and a goblin.

Vanquished Creatures
  A howler monkey (D:5)
  A giant cockroach (D:4)
2 creatures vanquished.

Notes
Turn   | Place    | Note
-------+----------+-------------------------------------------
     0 | D:5      | sasquatch the Spriggan Delver began the quest for the Orb.
     0 | D:5      | Reached XP level 1. HP: 11/11 MP: 2/2
    13 | D:5      | Noticed a howler monkey
    16 | D:5      | Killed a howler monkey
    17 | D:5      | Reached skill level 8 in Stealth
    17 | D:5      | Reached XP level 2. HP: 16/16 MP: 3/3
    17 | D:5      | Reached XP level 3. HP: 19/19 MP: 4/4
    20 | D:5      | Noticed a phantom
    23 | D:5      | Noticed an ogre
    40 | D:4      | Noticed a black bear
    49 | D:4      | Noticed a bullfrog
    74 | D:4      | Slain by a bullfrog

Illustrated notes

Levels and vault maps discovered:
D:4:      layout_cave_pools, minmay_temple_entry_wispy, uniq_eustachio
D:5:      layout_cave_pools, nicolae_vehumet_altar_sigil,
          kennysheep_small_square

Skill      XL: |  1 |
---------------+----+-----
Short Blades   | 3 |  3.3
Stealth        | 8 |  8.1
Fighting       | |  2.4
Dodging        | |  2.6

Action                   || total
-------------------------++-------
Melee: Short sword       ||     3
 Stab: Sleeping          ||     2
Dodge: Dodged            ||     3
